 Dungeon Crawl Stone Soup version 0.23.0-3-gf3c87f2df8 (webtiles) character file.

Game seed: 2040492743160894810

16974 Laan the Fighter (level 12, -5/136 HPs)
             Began as an Ogre Monk on Feb 22, 2019.
             Was a High Priest of the Shining One.
             Slain by a seven-headed hydra (8 damage)
             ... on level 2 of the Lair of Beasts.
             The game lasted 00:32:32 (15849 turns).

Laan the Fighter (Ogre Monk)                       Turns: 15849, Time: 00:32:33

Health: -5/136     AC:  9    Str: 22    XL:     12   Next: 43%
Magic:  0/12       EV: 14    Int: 11    God:    the Shining One [*****.]
Gold:   340        SH:  0    Dex: 11    Spells: 11/11 levels left

rFire    . . .     SeeInvis .   a - +2 giant spiked club
rCold    . . .     Gourm    +   (shield currently unavailable)
rNeg     + + .     Faith    .   h - +1 robe
rPois    .         Spirit   +   k - +2 hat
rElec    .         Reflect  .   u - scarf {Spirit}
rCorr    .         Harm     .   (gloves unavailable)
MR       ++...                  (boots unavailable)
Stlth    +.........             B - amulet of the gourmand
HPRegen  0.32/turn              d - +3 ring of protection
MPRegen  0.13/turn              v - ring of protection from magic

@: glowing
A: large, unfitting armour, tough skin 1
a: Divine Shield, Cleansing Flame, Summon Divine Warrior, Renounce Religion


You were on level 2 of the Lair of Beasts.
You worshipped the Shining One.
The Shining One was extremely pleased with you.
You were completely stuffed.

You visited 2 branches of the dungeon, and saw 13 of its levels.

You collected 615 gold pieces.
You spent 275 gold pieces at shops.

Inventory:

Hand Weapons
 a - a +2 giant spiked club (weapon)
 b - a +0 blowgun
Missiles
 f - 7 poisoned needles
 w - 2 curare-tipped needles {!f}
 C - 4 javelins (quivered)
 G - 7 needles of confusion
Armour
 h - a +1 robe (worn)
 k - a +2 hat (worn)
 u - a scarf of spirit shield (worn)
Jewellery
 d - a +3 ring of protection (left hand)
 g - an uncursed amulet of guardian spirit
 v - a ring of protection from magic (right hand)
 x - an uncursed ring of flight
 B - an amulet of the gourmand (around neck)
Wands
 t - a wand of flame (52)
 H - a wand of digging (4)
 I - a wand of iceblast (19)
Scrolls
 e - 2 scrolls of magic mapping
 n - 5 scrolls of teleportation
 q - 2 scrolls of immolation
 y - 3 scrolls of blinking
 z - a scroll of remove curse
 D - 3 scrolls of enchant armour
 F - 3 scrolls of identify
Potions
 i - a potion of ambrosia
 j - 3 potions of lignification
 l - a potion of brilliance
 m - a potion of haste
 o - a potion of might {unknown}
 p - 5 potions of curing
 r - 2 potions of flight
 s - a potion of mutation
 A - 3 potions of resistance
 E - a potion of agility {unknown}
 J - a potion of heal wounds {unknown}
Comestibles
 c - 20 rations
 K - 6 chunks of flesh


   Skills:
 + Level 13.2 Fighting
 * Level 13.0 Maces & Flails
 + Level 9.7 Dodging
 - Level 1.4 Stealth


You had 11 spell levels left.
You didn't know any spells.
Your spell library contained the following spells:

 Spells                   Type           Power        Failure   Level  Hunger
 Magic Dart               Conj           #...         34%         1    ##.....
 Blink                    Tloc           N/A          47%         2    ###....
 Call Imp                 Summ           #.......     47%         2    ###....
 Slow                     Hex            #.......     47%         2    ###....
 Conjure Flame            Conj/Fire      #.......     71%         3    ####...
 Mephitic Cloud           Conj/Pois/Air  #.......     71%         3    ####...


Dungeon Overview and Level Annotations

Branches:
Dungeon (11/15)            Temple (0/1) D:6            Lair (2/6) D:9
    Orc (0/2) D:9
  Swamp: Lair:2-4    Shoals: Lair:2-4     Snake: Lair:2-4    Spider: Lair:2-4

Altars:
Dithmenos
Gozag
Hepliaklqana
Nemelex Xobeh
Ru
Yredelemnul
The Shining One
Beogh

Shops:
D:4 [   D:5 (   D:9 ?


Innate Abilities, Weirdness & Mutations

You are too large for most types of armour.
You have tough skin. (AC +1)


Message History

* * * LOW HITPOINT WARNING * * *
You completely miss the seven-headed hydra.
The seven-headed hydra is severely wounded.
The seven-headed hydra closely misses you.
The seven-headed hydra barely misses you.
The seven-headed hydra closely misses you.
The seven-headed hydra barely misses you.
The seven-headed hydra bites you!
* * * LOW HITPOINT WARNING * * *
The seven-headed hydra bites you.
* * * LOW HITPOINT WARNING * * *
The seven-headed hydra misses you.
You sock the seven-headed hydra!
The seven-headed hydra is severely wounded.
The seven-headed hydra barely misses you.
The seven-headed hydra bites you!
* * * LOW HITPOINT WARNING * * *
The seven-headed hydra closely misses you. x2
The seven-headed hydra bites you!
You die...

##..................##
#...................#
######..................#
.P##.#.................##
...##...................
......##................
.....#.##...............
.....#..##......†.......
.......###.###P.@D.H....
.......# ### ####....<..
.......## ##.....
........# #... .......##
.. .......# . .......#
.......# ##P.P###


You could see a seven-headed hydra and a hippogriff.

Vanquished Creatures
  The ghost of Pamiuf the Slicer, a journeyman KoSu of Ru (Lair:2)
  A catoblepas (Lair:2)
  A two-headed ogre (D:9)
  Pikel (D:8)
  The ghost of LostNumber the Caller, a novice DrSu of Kikubaaqudgha (D:6)
  A necromancer (D:11)
  A manticore (D:11)
  4 elephants (Lair:2)
  3 spiny frogs
  A rime drake (Lair:2)
  A polar bear (Lair:2)
  5 blink frogs (Lair:2)
  4 hippogriffs
  9 yaks
  6 wraiths (D:7)
  2 wyverns
  A hungry ghost (D:7)
  2 basilisks
  4 porcupines
  6 orc warriors
  2 black bears
  An ice beast (D:6)
  2 sky beasts (D:9)
  2 slaves
  4 phantoms
  5 ogres
  7 crocodiles
  2 centaurs
  Blork the orc (D:5)
  9 bullfrogs
  A gnoll sergeant (D:8)
  2 scorpions (D:9)
  4 wights (D:6)
  A howler monkey (D:6)
  5 crimson imps
  A quasit (D:6)
  11 orc priests
  A bullfrog skeleton (D:7)
  A gnoll shaman (D:5)
  3 hounds
  3 jellies
  13 orc wizards
  3 centaur skeletons
  An iguana (D:4)
  4 worker ants
  A yak simulacrum (D:11)
  3 polar bear simulacra (D:11)
  A hound zombie (D:5)
  A hound skeleton (D:4)
  A howler monkey zombie (D:8)
  Robin (D:3)
  9 gnolls
  10 adders
  4 shadow imps
  2 oozes
  An adder zombie (D:6)
  An adder skeleton (D:5)
  3 worms
  3 dart slugs
  4 leopard geckos
  76 orcs
  6 giant cockroaches
  10 goblins
  7 hobgoblins
  20 jackals
  10 kobolds
  4 quokkas
  A ball python (D:1)
  5 bats
  10 frilled lizards
  A quokka skeleton (D:4)
  7 rats
  7 river rat simulacra (D:11)
353 creatures vanquished.

Notes
Turn   | Place    | Note
-------+----------+-------------------------------------------
     0 | D:1      | Laan the Ogre Monk began the quest for the Orb.
     0 | D:1      | Reached XP level 1. HP: 24/24 MP: 1/1
   493 | D:1      | Reached XP level 2. HP: 32/32 MP: 2/2
  1269 | D:2      | Reached XP level 3. HP: 29/40 MP: 3/3
  1544 | D:2      | Reached XP level 4. HP: 26/49 MP: 4/4
  1953 | D:2      | Found a hazy altar of Hepliaklqana.
  2058 | D:2      | Reached skill level 5 in Fighting
  2311 | D:2      | Reached XP level 5. HP: 57/57 MP: 5/5
  3435 | D:3      | Noticed Robin
  3444 | D:3      | Killed Robin
  3447 | D:3      | Noticed a centaur
  3457 | D:3      | Killed a centaur
  3457 | D:3      | Reached XP level 6. HP: 25/66 MP: 6/6
  4472 | D:4      | Reached skill level 5 in Maces & Flails
  4831 | D:4      | Found Temoidif's Armour Boutique.
  4836 | D:4      | Bought a scarf of spirit shield for 99 gold pieces
  4868 | D:4      | Noticed Eustachio
  4875 | D:4      | Noticed Eustachio
  4875 | D:4      | Eustachio changed into Eustachio the bullfrog
  4886 | D:4      | Killed Eustachio the bullfrog
  5079 | D:4      | Reached XP level 7. HP: 67/75 MP: 7/7
  5420 | D:5      | Entered Level 5 of the Dungeon
  6073 | D:5      | Reached XP level 8. HP: 84/84 MP: 8/8
  6568 | D:5      | Found Vaokics's Antique Weapon Shoppe.
  6574 | D:5      | Reached skill level 5 in Dodging
  6956 | D:5      | Found a glowing golden altar of the Shining One.
  6967 | D:5      | Became a worshipper of the Shining One
  6967 | D:5      | Reached * piety under the Shining One
  6967 | D:5      | Reached ** piety under the Shining One
  7445 | D:6      | Found a staircase to the Ecumenical Temple.
  7467 | D:6      | Noticed Blork the orc
  7476 | D:5      | Killed Blork the orc
  7525 | D:6      | Reached XP level 9. HP: 82/97 MP: 7/9
  7879 | D:6      | Noticed LostNumber's ghost (novice DrSu)
  7882 | D:6      | Found a runed translucent gate.
  7882 | D:6      | Found a runed translucent gate.
  7883 | D:6      | Found a runed translucent gate.
  7883 | D:6      | Found a roughly hewn altar of Beogh.
  7884 | D:6      | Identified the cursed +1 plate armour of Tomorrow {+Inv
                  | rElec MR- Stlth+}
  8181 | D:6      | Killed LostNumber's ghost
  8794 | D:7      | Reached *** piety under the Shining One
  8808 | D:7      | Reached XP level 10. HP: 91/110 MP: 7/10
  8816 | D:7      | Reached skill level 10 in Fighting
  9290 | D:7      | Found the +5 scythe "Finisher" {speed, eviscerate}
  9349 | D:7      | Reached skill level 10 in Maces & Flails
 10178 | D:8      | Found a shadowy altar of Dithmenos.
 10332 | D:8      | Found a sacrificial altar of Ru.
 10332 | D:8      | Found a sparkling altar of Nemelex Xobeh.
 10339 | D:8      | Found a basalt altar of Yredelemnul.
 10340 | D:8      | Reached **** piety under the Shining One
 10341 | D:8      | Found a faded altar of an unknown god.
 10347 | D:8      | Found an opulent altar of Gozag.
 10447 | D:8      | Noticed Pikel
 10464 | D:8      | Killed Pikel
 10818 | D:9      | Found Wianweil's Magic Scroll Shop.
 11564 | D:9      | Reached XP level 11. HP: 101/120 MP: 8/11
 11819 | D:4      | Bought a +2 hat for 176 gold pieces
 12187 | D:9      | Found a staircase to the Lair.
 12190 | D:9      | You fall through a shaft for 2 floors!
 12204 | D:11     | Noticed a manticore
 12211 | D:11     | Killed a manticore
 12405 | D:11     | Noticed a necromancer
 12781 | D:11     | Killed a necromancer
 12787 | D:11     | Reached ***** piety under the Shining One
 12892 | D:11     | Noticed a green ugly thing
 12897 | D:10     | Entered Level 10 of the Dungeon
 13235 | D:9      | Noticed a two-headed ogre
 13241 | D:9      | Killed a two-headed ogre
 13826 | D:9      | Found a staircase to the Orcish Mines.
 13836 | D:9      | Found a roughly hewn altar of Beogh.
 14113 | Lair:1   | Entered Level 1 of the Lair of Beasts
 15069 | Lair:2   | Reached XP level 12. HP: 70/133 MP: 12/12
 15382 | Lair:2   | Found a runed translucent door.
 15387 | Lair:2   | Noticed Pamiuf's ghost (journeyman KoSu)
 15394 | Lair:2   | Killed Pamiuf's ghost
 15730 | Lair:2   | Noticed a catoblepas
 15737 | Lair:2   | Killed a catoblepas
 15837 | Lair:2   | Noticed a seven-headed hydra
 15849 | Lair:2   | HP: 3/136 [seven-headed hydra (10)]
 15849 | Lair:2   | Slain by a seven-headed hydra

Skill      XL: |  1  2  3  4  5  6  7  8  9 10 11 12 |
---------------+-------------------------------------+-----
Maces & Flails | 3 4 5 6 7 9 10 12 13 | 13.0
Dodging        | 3 4 5 6 8 9 |  9.7
Fighting       | 5 6 8 9 11 12 13 | 13.2
Stealth        | |  1.4

Action                   |  1- 3 |  4- 6 |  7- 9 | 10-12 || total
-------------------------+-------+-------+-------+-------++-------
Melee: Mace              |   112 |   102 |       |       ||   214
       Flail             |       |   157 |     9 |       ||   166
       Giant spiked club |       |       |   229 |   437 ||   666
Throw: Javelin           |       |     8 |    14 |    13 ||    35
Evoke: Wand              |       |     5 |       |       ||     5
  Use: Potion            |       |     2 |     1 |     1 ||     4
       Scroll            |       |       |    11 |     8 ||    19
 Stab: Sleeping          |     1 |     5 |     1 |       ||     7
  Eat: Chunk             |     2 |    12 |    12 |    31 ||    57
       Ration            |       |       |       |     1 ||     1
Armor: Robe              |    58 |    92 |    71 |   148 ||   369
       Skin              |       |    26 |       |       ||    26
Dodge: Dodged            |    74 |   179 |   178 |   369 ||   800
